 Dungeon Crawl Stone Soup version 0.19.4-8-ga85b6b9 (webtiles) character file.

301 vatarom the Skirmisher (level 6, -1/52 HPs)
             Began as a Demonspawn Monk on Feb 11, 2017.
             Shot with a stone by a goblin (3 damage)
             ... on level 2 of the Dungeon.
             The game lasted 00:07:27 (4037 turns).

vatarom the Skirmisher (Demonspawn Monk)            Turns: 4037, Time: 00:07:28

Health: -1/52      AC:  4    Str: 12    XL:     6   Next: 14%
Magic:  6/6        EV: 14    Int: 17    God:
Gold:   155        SH:  0    Dex: 16    Spells: 0 memorised, 5 levels left

rFire  . . .     SeeInvis .       - Unarmed
rCold  . . .     Gourm    .     a - +0 robe
rNeg   . . .     Faith    .     (no shield)
rPois  .         Spirit   .     (no helmet)
rElec  .         Reflect  .     (no cloak)
rCorr  .         Harm     .     (no gloves)
MR     +....                    (no boots)
Stlth  +++.......               (no amulet)
                                e - +5 ring of intelligence
                                c - ring of protection from magic

@: no status effects
A: iridescent scales 1, nightstalker 1
a: no special abilities


You were on level 2 of the Dungeon.
You were not hungry.

You visited 1 branch of the dungeon, and saw 3 of its levels.
You also visited: Sewer.

You collected 155 gold pieces.

Inventory:

Armour
 a - a +0 robe (worn)
Jewellery
 c - a ring of protection from magic (left hand)
 e - a +5 ring of intelligence (right hand)
Wands
 h - a wand of lightning (7/15)
Scrolls
 b - a scroll of remove curse
 d - a scroll of recharging
Potions
 g - a potion of magic
Comestibles
 f - a beef jerky
 i - a bread ration


   Skills:
 + Level 5.9 Fighting
 - Level 3.9 Dodging
 - Level 1.7 Stealth
 - Level 3.1 Unarmed Combat


You had 5 spell levels left.
You didn't know any spells.

Dungeon Overview and Level Annotations

Branches:
Dungeon (3/15)

Altars:
Ashenzari
Trog

Annotations:
D:3 Exporg's ghost, amateur HOFE


Innate Abilities, Weirdness & Mutations

You are partially covered in iridescent scales. (AC +2)
You are slightly more attuned to the shadows.


Message History

Unknown command.
The goblin shoots a stone.
The stone barely misses you.
You climb downwards.
Level annotation: Exporg's ghost, amateur HOFE
There is a stone staircase leading up here.
Unknown command.
Exporg's ghost gestures at you while chanting.
The flame tongue hits you!
* * * LOW HITPOINT WARNING * * *
You climb upwards.
There is a stone staircase leading down here.
You see here a stone.
Unknown command.
Unknown command.
The goblin shoots a stone.
The stone hits you!
* * * LOW HITPOINT WARNING * * *
You see here a stone.
You see here a robe.
The goblin shoots a stone.
The stone hits you.
You die...

##.###.....g.....#.#..# #.....
##...#....##.#.###.#..# #.....
...#.#.......g.#...#..######.....
.#.#.#.#.####[(#.#...............
.#.#.#.....##..#.#.#.............
##.#.#####.###.#.#.+.....รท.......
#.#.# #.###>([..#.............
##.#.# #....##...###....##.....
...#.########.##@..# #....#######
####..........##...# #..(.#
...#########.......# #....#
#.#....# #.......# #....# #.+....#
#.......# #....# ###....#
#....#### #....# #####'######....#
#....# #...............# #....#
#.#..(..........# ######


You could see a goblin.

Vanquished Creatures
  2 big kobolds (Sewer)
  9 adders
  A river rat (Sewer)
  3 oozes
  2 worms
  2 dart slugs
  A leopard gecko (D:1)
  An orc (D:3)
  2 giant cockroaches (D:1)
  7 goblins
  3 hobgoblins (D:1)
  3 jackals (D:3)
  4 kobolds
  4 ball pythons
  6 bats
  3 frilled lizards
  4 rats
57 creatures vanquished.

Vanquished Creatures (others)
  A wizard (D:3)
1 creature vanquished.

Grand Total: 58 creatures vanquished

Notes
Turn   | Place    | Note
-------+----------+-------------------------------------------
     0 | D:1      | vatarom the Demonspawn Monk began the quest for the Orb.
     0 | D:1      | Reached XP level 1. HP: 18/18 MP: 1/1
   299 | D:1      | Gained mutation: You are partially covered in iridescent scales. (AC +2) [demonic ancestry]
   299 | D:1      | Reached XP level 2. HP: 5/24 MP: 2/2
  1130 | D:2      | Reached XP level 3. HP: 29/29 MP: 3/3
  1357 | D:2      | Found a shattered altar of Ashenzari.
  1761 | D:3      | Noticed Exporg's ghost (amateur HOFE)
  1891 | D:3      | Found a glowing drain.
  1918 | Sewer    | Entered a sewer
  1933 | Sewer    | Reached XP level 4. HP: 24/35 MP: 4/4
  2384 | Sewer    | Noticed a big kobold
  2413 | Sewer    | Killed a big kobold
  2413 | Sewer    | Reached skill level 4 in Fighting
  2413 | Sewer    | Gained mutation: You are slightly more attuned to the shadows. [demonic ancestry]
  2413 | Sewer    | Reached XP level 5. HP: 28/43 MP: 5/5
  2928 | Sewer    | Reached skill level 5 in Fighting
  3373 | D:3      | Found a bloodstained altar of Trog.
  3377 | D:3      | Noticed a wizard
  3383 | D:3      | Killed a wizard
  3405 | D:3      | Reached XP level 6. HP: 46/52 MP: 6/6
  4034 | D:2      | HP: 2/52 [goblin/stone (7)]
  4037 | D:2      | Shot with a stone by a goblin

Skill      XL: |  1  2  3  4  5 |
---------------+----------------+-----
Unarmed Combat | 3 |  3.1
Dodging        | 3 |  3.9
Fighting       | 4 5 |  5.9
Stealth        | |  1.7

Action                   |  1- 3 |  4- 6 || total
-------------------------+-------+-------++-------
Melee: Unarmed           |   138 |   233 ||   371
       Punch             |       |     6 ||     6
  Use: Scroll            |     4 |     5 ||     9
       Potion            |     2 |     4 ||     6
 Stab: Sleeping          |     4 |     4 ||     8
  Eat: Meat ration       |     1 |       ||     1
       Bread ration      |       |     1 ||     1
       Chunk             |       |     1 ||     1
Armor: Robe              |    24 |    41 ||    65
Dodge: Dodged            |    73 |   160 ||   233
